 Dungeon Crawl Stone Soup version 0.26-a0-1191-ge2a0e31ab3 (webtiles) character file.

Game seed: 18240170157765326619

1036 Azzok the Shield-Bearer (level 8, 15/60 HPs)
             Began as a Demonspawn Fighter on Dec 28, 2020.
             Was an Initiate of Makhleb.
             Quit the game on level 6 of the Dungeon.
             The game lasted 00:05:46 (5490 turns).

Azzok the Shield-Bearer (Demonspawn Fighter)        Turns: 5490, Time: 00:05:46

Health: 15/60      AC:  9    Str: 18    XL:     8   Next: 4%
Magic:  8/8        EV:  8    Int: 10    God:    Makhleb [......]
Gold:   337        SH:  0    Dex: 13    Spells: 7/7 levels left

rFire    . . .     SeeInvis .   a - +0 war axe
rCold    . . .     Faith    .   (no shield)
rNeg     . . .     Spirit   .   l - +0 chain mail
rPois    .         Reflect  .   (no helmet)
rElec    .         Harm     .   (no cloak)
rCorr    .         Rampage  .   (no gloves)
Will     .....                  (no boots)
Stlth    ..........             (no amulet)
HPRegen  0.20/turn              k - ring of attention (curse)
MPRegen  0.11/turn              (no ring)

@: mildly poisoned (15 -> 12), studying Transmutations
A: talons 1, demonic guardian 1, powered by pain 2, sturdy frame 1
a: Renounce Religion


You were on level 6 of the Dungeon.
You worshipped Makhleb.
Makhleb was noncommittal.
You visited 2 branches of the dungeon, and saw 7 of its levels.

You collected 337 gold pieces.

Inventory:

Hand Weapons
 a - a +0 war axe (weapon)
Missiles
 f - 15 poisoned darts (quivered)
 m - a throwing net
Armour
 c - a +0 kite shield
 l - a +0 chain mail (worn)
Jewellery
 k - a cursed ring of attention (left hand)
Wands
 t - a wand of enslavement (8)
 v - a wand of digging (2)
Scrolls
 o - a scroll of noise {unknown}
 p - 4 scrolls of identify
 r - 3 scrolls of fear {unknown}
 s - 2 scrolls of fog {unknown}
 w - a scroll of torment {unknown}
Potions
 b - 2 potions of flight {unknown}
 d - 2 potions of might
 e - a potion of resistance {unknown}
 g - a potion of magic {unknown}
 h - 2 potions of curing {unknown}
 i - 3 potions of heal wounds {unknown}
 j - 2 potions of lignification {unknown}
 n - a potion of cancellation {unknown}
 q - a potion of attraction {unknown}
Books
 u - a manual of Transmutations


   Skills:
 - Level 4.0 Fighting
 + Level 5.1 Axes
 + Level 4.0 Throwing
 - Level 3.0 Armour
 + Level 5.5 Shields


You had 7 spell levels left.
You didn't know any spells.
Your spell library contained the following spells:

 Spells                   Type           Power        Failure   Level
 Shock                    Conj/Air       0%           95%         1
 Swiftness                Air            0%           99%         2
 Static Discharge         Conj/Air       0%           100%        3
 Airstrike                Air            0%           100%        4
 Lightning Bolt           Conj/Air       0%           100%        5


Dungeon Overview and Level Annotations

Branches:
Dungeon (6/15)             Temple (1/1) D:5

Altars:
Ashenzari
Cheibriados
Dithmenos
Elyvilon
Fedhas
Gozag
Hepliaklqana
Kikubaaqudgha
Makhleb
Sif Muna
Trog
Uskayaw
Wu Jian
Zin


Innate Abilities, Weirdness & Mutations

You have sharp toenails.
A weak demonic guardian rushes to your aid.
You sometimes gain power by taking damage.
Your movements are slightly less encumbered by armour. (ER -2)


Message History

The ogre is moderately wounded.
You barely miss the worker ant. The worker ant barely misses you.
The ogre hits you with a +0 giant spiked club!
You hit the ogre. You claw the ogre.
The ogre is heavily wounded.
You hit the worker ant. The worker ant closely misses you.
The worker ant bites you.
* * * LOW HITPOINT WARNING * * *
You slash the ogre!
You kill the ogre!
Makhleb accepts your kill.
You barely miss the worker ant. The worker ant bites you.
* * * LOW HITPOINT WARNING * * *
You are poisoned.
The worker ant poisons you!
Your Throwing skill increases to level 4!
You have reached level 8!
You feel clever.
Your demonic ancestry asserts itself...
You feel the presence of a demonic guardian.
Are you sure you want to abandon this character and quit the game? (Confirm with "yes".)

··▒·····▒▒▒▒ ▒▒▒▒
▒▒▒▒>·····(▒·· ····
▒··········▒·▒▒··▒▒
▒··········▒·▒····▒·
▒▒▒▒▒··········'···[····
·········▒▒▒▒'·'···$[···
···············▒·▒····▒·
·············B)▒·▒ ··▒▒
··············@▒·· ···
···············▒▒▒▒▒▒▒▒▒
····················▒
········^···········▒
▒▒▒▒▒▒▒·············▒
▒·············▒
▒·············▒
▒·············▒
▒▒············▒


You could see a worker ant.

Vanquished Creatures
  Sigmund (D:6)
  Purgy (D:4)
  2 centaurs (D:4)
  A phantom (D:4)
  2 ogres
  2 scorpions
  A bullfrog zombie (D:5)
  A centaur skeleton (D:4)
  An iguana (D:4)
  2 worker ants
  A worker ant zombie (D:5)
  4 adders
  A white imp (D:6)
  3 oozes
  A worm (D:2)
  2 leopard geckos
  3 orcs
  10 bats
  4 giant cockroaches
  7 goblins
  4 hobgoblins
  14 jackals
  A quokka (D:2)
  7 frilled lizards
  A jackal skeleton (D:5)
  7 kobolds
  6 rats
90 creatures vanquished.

Notes
Turn   | Place    | Note
-------+----------+-------------------------------------------
     0 | D:1      | Azzok the Demonspawn Fighter began the quest for the Orb.
     0 | D:1      | Reached XP level 1. HP: 18/18 MP: 1/1
   139 | D:1      | Gained mutation: You sometimes gain a little power by
                  | taking damage. [demonic ancestry]
   139 | D:1      | Reached XP level 2. HP: 19/24 MP: 2/2
   993 | D:2      | Gained mutation: You sometimes gain power by taking damage.
                  | [demonic ancestry]
   993 | D:2      | Reached XP level 3. HP: 29/29 MP: 3/3
  1510 | D:2      | Found an ornate altar of the Wu Jian Council.
  1517 | D:2      | Reached XP level 4. HP: 30/36 MP: 4/4
  2764 | D:4      | Noticed a phantom
  2775 | D:4      | Gained mutation: You have sharp toenails. [demonic
                  | ancestry]
  2775 | D:4      | Reached XP level 5. HP: 25/42 MP: 5/5
  3027 | D:4      | Killed a phantom
  3028 | D:4      | Reached skill level 1 in Throwing
  3216 | D:4      | Noticed Purgy
  3216 | D:4      | Noticed a centaur
  3217 | D:4      | Noticed a centaur
  3357 | D:4      | Reached XP level 6. HP: 48/48 MP: 6/6
  3832 | D:4      | Killed Purgy
  3833 | D:4      | Gained mutation: Your movements are slightly less
                  | encumbered by armour. (ER -2) [demonic ancestry]
  3833 | D:4      | Reached XP level 7. HP: 46/54 MP: 7/7
  4036 | D:5      | Entered Level 5 of the Dungeon
  4038 | D:5      | Found a staircase to the Ecumenical Temple.
  4075 | Temple   | Entered the Ecumenical Temple
  4193 | Temple   | Became a worshipper of Makhleb the Destroyer
  4540 | D:5      | Reached skill level 5 in Shields
  4957 | D:6      | Noticed Sigmund
  5184 | D:6      | Killed Sigmund
  5477 | D:6      | Reached skill level 5 in Axes
  5490 | D:6      | Gained mutation: A weak demonic guardian rushes to your
                  | aid. [demonic ancestry]
  5490 | D:6      | Reached XP level 8. HP: 15/60 MP: 8/8
  5490 | D:6      | Quit the game

Illustrated notes

Levels and vault maps discovered:
D:1:      dpeg_arrival_tiny_g, layout_loops_ring
D:2:      layout_loops_corners, nzn_wu_jian_contemplation
D:3:      layout_basic
D:4:      layout_loops_cross, minmay_manual_mares, uniq_purgy
D:5:      layout_loops_ring, minmay_temple_entry_ruins
D:6:      layout_basic, general_overflow_altar, kennysheep_generic_room_5,
          uniq_sigmund
Temple:   dshaligram_water_room_temple

Skill      XL: |  1  2  3  4  5  6  7 |
---------------+----------------------+-----
Axes           | 2 3 4 5 |  5.1
Armour         | 3 |  3.0
Shields        | 3 4 5 |  5.5
Fighting       | 4 |  4.0
Throwing       | 1 3 4 |  4.0

Action                   |  1- 3 |  4- 6 |  7- 9 || total
-------------------------+-------+-------+-------++-------
Melee: War axe           |    99 |   142 |    51 ||   292
       Kick              |       |    12 |    15 ||    27
Throw: Dart              |       |     4 |    17 ||    21
  Use: Scroll            |     1 |     2 |       ||     3
Armor: Scale mail        |    31 |       |       ||    31
       Chain mail        |    39 |   102 |    20 ||   161
Dodge: Dodged            |    57 |    71 |    35 ||   163

Table legend: (Time is in decaauts)
 A = Elapsed time spent in this place.
 B = Non-inter-level travel time spent in this place.
 C = Inter-level travel time spent in this place.
 D = Time resting spent in this place.
 E = Time spent auto-exploring this place.
 F = Levels seen in this place.
 G = Mean time per level.
                   A        B        C        D        E       F      G
               +--------+--------+--------+--------+--------+-----+--------+
         Total |   5592 |   5410 |    182 |   1148 |   3390 |   7 |  798.9 |
       Dungeon |   5458 |   5292 |    166 |   1148 |   3281 |   6 |  909.7 |
        Temple |    134 |    118 |     16 |      0 |    109 |   1 |  134.0 |
               +--------+--------+--------+--------+--------+-----+--------+

Top non-repeatable levels by time:
     D:2: 1162 daAuts
     D:3: 1127 daAuts
     D:4: 989 daAuts
     D:5: 960 daAuts
     D:1: 847 daAuts
     D:6: 370 daAuts
  Temple: 134 daAuts
